 Dungeon Crawl Stone Soup version 0.26.1-10-gdfb7c7de75 (webtiles) character file.

Game seed: 1034497945239606395

6017 Gnirx the Geomancer (level 10, -7/59 HPs)
             Began as a Gargoyle Earth Elementalist on Apr 5, 2021.
             Was a Believer of Vehumet.
             Mangled by a shadow (24 damage)
             ... on level 8 of the Dungeon.
             The game lasted 00:30:55 (12864 turns).

Gnirx the Geomancer (Gargoyle Earth Elementalist)  Turns: 12864, Time: 00:30:55

Health: -7/59      AC: 13    Str: 13    XL:     10   Next: 86%
Magic:  22/23      EV: 31    Int: 18    God:    Vehumet [**....]
Gold:   450        SH:  4    Dex: 10    Spells: 17/28 levels left

rFire    . . .     SeeInvis .   P - +0 morningstar (drain)
rCold    . . .     Faith    .   S - +0 buckler
rNeg     + . .     Spirit   .   c - +0 robe
rPois    ∞         Reflect  .   k - +2 helmet
rElec    +         Harm     .   D - +0 cloak
rCorr    .         Rampage  .   (no gloves)
Will     .....                  (no boots)
Stlth    ++........             C - amulet of the acrobat
HPRegen  0.19/turn              M - +4 ring of evasion
MPRegen  0.18/turn              (no ring)

@: acrobat
A: negative energy resistance 1, electricity resistance, unbreathing,
petrification resistance, miasma immunity, AC +7
a: Renounce Religion


You were on level 8 of the Dungeon.
You worshipped Vehumet.
Vehumet was pleased with you.
You visited 2 branches of the dungeon, and saw 10 of its levels.

You collected 450 gold pieces.

Inventory:

Hand Weapons
 d - a +0 whip of electrocution
 m - a +1 flail of protection
 n - a +3 mace of protection
 y - a +3 shortbow
 E - a +2 vorpal flail
 F - a +0 dire flail
 I - a +4 flail of draining
 K - a +1 hand crossbow of flaming
 P - a +0 morningstar of draining (weapon)
 Q - a +0 great mace
Missiles
 b - 22 stones
 f - 194 arrows
 L - 19 bolts
Armour
 c - a +0 robe (worn)
 k - a +2 helmet (worn)
 D - a +0 cloak (worn)
 S - a +0 buckler (worn)
Magical Staves
 q - an uncursed staff of poison
 u - an uncursed staff of fire
Jewellery
 h - an uncursed ring of flight
 o - a cursed ring of attention
 C - an amulet of the acrobat (around neck)
 J - an uncursed amulet of faith
 M - a +4 ring of evasion (left hand)
Wands
 e - a wand of paralysis (12)
 w - a wand of digging (6)
 B - a wand of enslavement (9)
 H - a wand of iceblast (12)
Scrolls
 s - 4 scrolls of magic mapping
 t - a scroll of enchant weapon
 v - 2 scrolls of amnesia
 x - a scroll of immolation
 A - a scroll of remove curse
 G - a scroll of enchant armour
 R - a scroll of identify
 T - a scroll of fog
 V - a scroll of teleportation
Potions
 a - a potion of lignification {unknown}
 g - 3 potions of ambrosia {unknown}
 i - a potion of flight {unknown}
 j - 2 potions of heal wounds {unknown}
 l - 4 potions of curing
 p - 3 potions of attraction {unknown}
 r - 4 potions of haste {unknown}
 z - a potion of berserk rage {unknown}
 O - a potion of invisibility {unknown}
 U - a potion of brilliance {unknown}
Miscellaneous
 N - a phial of floods


   Skills:
 + Level 5.2 Fighting
 - Level 1.5 Dodging
 - Level 2.1 Stealth
 - Level 4.0 Shields
 - Level 9.8 Spellcasting
 - Level 0.7 Transmutations
 - Level 12.5 Earth Magic


You had 17 spell levels left.
You knew the following spells:

 Your Spells              Type           Power        Failure   Level
a - Sandblast             Erth           100%         1%          1
b - Passwall              Tmut/Erth      26%          1%          2
c - Stone Arrow           Conj/Erth      62%          1%          3
d - Lee's Rapid Deconstr  Erth           26%          1%          5

Your spell library contained the following spells:

 Spells                   Type           Power        Failure   Level
 Shock                    Conj/Air       32%          9%          1
 Petrify                  Tmut/Erth      32%          5%          4
 Magic Dart               Conj           32%          9%          1
 Blink                    Tloc           N/A          12%         2
 Call Imp                 Summ           8%           12%         2
 Slow                     Hex            8%           12%         2
 Conjure Flame            Conj/Fire      8%           24%         3
 Mephitic Cloud           Conj/Pois/Air  8%           24%         3


Dungeon Overview and Level Annotations

Branches:
Dungeon (9/15)             Temple (1/1) D:6             Orc (0/2) D:9
   Lair: D:8-11

Altars:
Ashenzari
Cheibriados
Dithmenos
Hepliaklqana
Makhleb
Nemelex Xobeh
Okawaru
Qazlal
Ru
Trog
Uskayaw
Vehumet
Yredelemnul
Zin
The Shining One


Innate Abilities, Weirdness & Mutations

You are resistant to torment.
Your stone body is resilient. (AC +7)
You are immune to poison.
You resist negative energy. (rN+)
You are resistant to electric shocks. (rElec)
You can survive without breathing.
You are immune to petrification.
You are immune to miasma.


Message History

There is an open door here.
There is a stone staircase leading up here.
The shadow barely misses you.
You climb upwards.
There is a stone staircase leading down here.
Aiming: Sandblast (safe; 1% risk of failure)
Press: ? - help, Q - select action, (/) - cycle Shift-Dir - straight line, f - shadow
Aim: a shadow (16% to evade)
The blast of sand hits the shadow.
The shadow is lightly damaged.
The shadow hits you.
The shadow slips into darkness.
The shadow flickers and vanishes!
Deactivating autopickup; reactivate with Ctrl-A.
Aiming: Sandblast (safe; 1% risk of failure)
Press: ? - help, Q - select action, (/) - cycle Shift-Dir - straight line, f - you That would be overly suicidal.
Okay, then.
The shadow strikes at you from the darkness!
You die...

#.......####.#..##.# #.#
############.#..##.# #..
#........#.#...#.# ###
#........#.#.#.#)# ##.. #
#........#.#.#.#.# ##... #
#........#.#.#...####### ##....
###........#.#.##........###.....
..................>......##......
###.............@........#.......
# #......................#.......
###......................#.......
.........................'.......
.........................'.......
...########..............#.......
...# #..............#.....(. ...#
#..............#....... ...#
#..............##......


There were no monsters in sight!

Vanquished Creatures
  2 two-headed ogres
  A kobold demonologist (D:7)
  A komodo dragon (D:8)
  A troll (D:8)
  Edmund (D:6)
  Duvessa (D:7)
  A water moccasin (D:7)
  2 orc warriors (D:6)
  2 sky beasts
  2 ice beasts
  2 black bears
  An ogre (D:6)
  4 phantoms
  5 centaurs
  A big kobold (D:6)
  3 bullfrogs
  Dowan (D:7)
  A troll zombie (D:9)
  2 scorpions
  7 killer bees
  2 water moccasin skeletons
  5 wights (D:8)
  A howler monkey (D:4)
  A bullfrog zombie (D:5)
  2 bullfrog skeletons
  8 orc wizards
  A centaur skeleton (D:4)
  3 orc priests
  3 hounds
  A jelly (D:7)
  An iron imp (D:7)
  2 iguanas (D:7)
  5 worker ants
  2 ogre zombies (D:9)
  A worker ant zombie (D:6)
  3 adders
  3 gnolls
  2 shadow imps
  A white imp (D:5)
  2 ufetubi (D:5)
  3 oozes
  2 adder skeletons
  6 worms
  5 leopard geckos
  18 orcs
  2 ball pythons
  4 giant cockroaches
  6 goblins
  17 hobgoblins
  14 jackals
  7 kobolds
  A quokka (D:8)
  5 bats
  3 frilled lizards
  A goblin skeleton (D:9)
  2 goblin zombies (D:9)
  A leopard gecko skeleton (D:4)
  A leopard gecko zombie (D:5)
  An orc skeleton (D:9)
  5 orc zombies (D:9)
  10 rats
204 creatures vanquished.

Notes
Turn   | Place    | Note
-------+----------+-------------------------------------------
     0 | D:1      | Gnirx the Gargoyle Earth Elementalist began the quest for
                  | the Orb.
     0 | D:1      | Reached XP level 1. HP: 10/10 MP: 3/3
   468 | D:1      | Reached XP level 2. HP: 15/15 MP: 5/5
   526 | D:1      | Reached skill level 4 in Earth Magic
  1148 | D:1      | Reached XP level 3. HP: 18/19 MP: 7/7
  1452 | D:2      | Found an iron altar of Okawaru.
  2099 | D:3      | Reached XP level 4. HP: 16/24 MP: 8/8
  2458 | D:3      | Found a hide-covered altar of Uskayaw.
  2881 | D:3      | Reached skill level 5 in Earth Magic
  3252 | D:4      | Reached XP level 5. HP: 28/28 MP: 6/10
  3325 | D:4      | Found a burning altar of Makhleb.
  3564 | D:4      | Learned a level 2 spell: Passwall
  3568 | D:4      | Learned a level 3 spell: Stone Arrow
  3848 | D:4      | Reached skill level 6 in Earth Magic
  3848 | D:4      | Reached XP level 6. HP: 32/32 MP: 8/12
  4583 | D:5      | Entered Level 5 of the Dungeon
  4928 | D:5      | Found a broken altar of Ashenzari.
  5281 | D:5      | Reached skill level 5 in Spellcasting
  5281 | D:5      | Reached skill level 7 in Earth Magic
  5281 | D:5      | Reached XP level 7. HP: 21/36 MP: 12/14
  5767 | D:5      | Found a bloodstained altar of Trog.
  6026 | D:5      | Found a glowing silver altar of Zin.
  6201 | D:6      | Reached skill level 8 in Earth Magic
  6249 | D:6      | Reached XP level 8. HP: 41/41 MP: 13/16
  6335 | D:6      | Noticed a two-headed ogre
  6342 | D:6      | Killed a two-headed ogre
  6343 | D:6      | Reached skill level 9 in Earth Magic
  6426 | D:6      | Noticed Edmund
  6454 | D:6      | Found a staircase to the Ecumenical Temple.
  6464 | Temple   | Entered the Ecumenical Temple
  6475 | Temple   | Became a worshipper of Vehumet
  6494 | D:6      | Killed Edmund
  6495 | D:6      | Reached skill level 10 in Earth Magic
  6495 | D:6      | Reached XP level 9. HP: 35/45 MP: 16/20
  7074 | D:6      | Found a shadowy altar of Dithmenos.
  7789 | D:7      | Reached skill level 11 in Earth Magic
  7889 | D:7      | Found a snail-covered altar of Cheibriados.
  8620 | D:7      | Found a sacrificial altar of Ru.
  8852 | D:7      | Reached * piety under Vehumet
  8852 | D:7      | Offered knowledge of Freeze by Vehumet.
  8987 | D:7      | Noticed a kobold demonologist
  9010 | D:7      | Killed a kobold demonologist
  9114 | D:7      | Noticed Dowan
  9115 | D:7      | Noticed Duvessa
  9122 | D:7      | Killed Dowan
  9146 | D:7      | Reached XP level 10. HP: 50/50 MP: 21/23
  9490 | D:7      | Found a snail-covered altar of Cheibriados.
  9735 | D:7      | Killed Duvessa
  9736 | D:7      | Reached skill level 12 in Earth Magic
 10459 | D:8      | Learned a level 5 spell: Lee's Rapid Deconstruction
 11140 | D:8      | HP: 2/50 [komodo dragon (17)]
 11521 | D:8      | Reached skill level 1 in Fighting
 11696 | D:8      | Reached skill level 1 in Shields
 12397 | D:9      | Noticed a two-headed ogre
 12432 | D:9      | Killed a two-headed ogre
 12462 | D:9      | Reached ** piety under Vehumet
 12462 | D:9      | Offered knowledge of Shock by Vehumet.
 12754 | D:9      | Reached skill level 5 in Fighting
 12793 | D:9      | Found a staircase to the Orcish Mines.
 12864 | D:8      | Mangled by a shadow

Illustrated notes

Levels and vault maps discovered:
D:1:      elethiomel_arrival_quiet, layout_loops_ring,
          chequers_serial_rivers_micro_d, minmay_misc_feat_plants,
          minmay_worlds_worst_comb
D:2:      layout_loops_ring, okawaru_ov_weapons_minmay
D:3:      layout_loops_corners, lemuel_round_altar
D:4:      layout_basic, makhleb_blood_cavern_becter, serial_co_window_serial,
          co_window_paths_a, co_window_of_opportunity_a, co_window_corner_a,
          co_window_of_opportunity_a, co_window_paths_b, co_window_paths_a,
          co_window_corner_b, co_window_paths_c, co_window_2corner,
          co_window_broadway_c, co_window_4corner_b, glass_columns_b,
          glass_columns_a, glass_columns_a, kennysheep_generic_room_11
D:5:      layout_rooms, lemuel_coloured_pillars_altar, kennysheep_mini_moat,
          kennysheep_little_box, kennysheep_nondescript, serial_bayou_lagoon_b
D:6:      layout_cave_pools, nicolae_dithmenos_the_darkroom,
          minmay_temple_entry_statues_fountains, uniq_edmund
D:7:      minmay_blocky_corners, layout_cave_pools, nicolae_ru_path_of_blood,
          slow_altar_2, uniq_duvessa
D:8:      kennysheep_big_flooded_room, layout_basic
D:9:      minmay_clustersquares, layout_irregular_city, lair_entry_dummy,
          zombieorc2_lemuel, uniq_harold, uniq_prince_ribbit1
Temple:   dshaligram_water_room_temple

Skill      XL: |  1  2  3  4  5  6  7  8  9 10 |
---------------+-------------------------------+-----
Earth Magic    | 4 5 6 7 8 10 11 12 | 12.5
Spellcasting   | 3 4 5 7 9 |  9.8
Fighting       | 5 |  5.2
Shields        | 4 |  4.0
Dodging        | |  1.5
Stealth        | |  2.1
Transmutations | |  0.7

Action                   |  1- 3 |  4- 6 |  7- 9 | 10-12 || total
-------------------------+-------+-------+-------+-------++-------
Melee: Whip              |    76 |       |       |       ||    76
       Mace              |    55 |    82 |       |       ||   137
       Flail             |       |   114 |   192 |    13 ||   319
       Morningstar       |       |       |       |   112 ||   112
 Cast: Sandblast         |     7 |    16 |    82 |    76 ||   181
       Lee's Rapid Decon |       |       |       |     2 ||     2
  Use: Scroll            |     4 |     7 |     2 |     2 ||    15
       Potion            |       |       |     1 |       ||     1
 Stab: Sleeping          |     3 |     2 |       |       ||     5
       Distracted        |       |     1 |       |       ||     1
Armor: Robe              |    62 |   103 |   141 |    83 ||   389
Dodge: Dodged            |    83 |   190 |   249 |   306 ||   828
Block: Buckler           |       |       |       |    19 ||    19
